 Dungeon Crawl Stone Soup version 0.20-a0-351-gc9b4002 (webtiles) character file.

6027 Gorice the Thaumaturge (level 10, -6/50 HPs)
             Began as a Deep Elf Ice Elementalist on Dec 26, 2016.
             Was a High Priest of Sif Muna.
             Mangled by a crocodile (12 damage)
             ... on level 2 of the Lair of Beasts.
             The game lasted 00:58:37 (10232 turns).

Gorice the Thaumaturge (Deep Elf Ice Elementalist) Turns: 10232, Time: 00:58:37

Health: -6/50      AC: 18    Str: 10    XL:     10   Next: 56%
Magic:  23/35      EV: 12    Int: 24    God:    Sif Muna [*****.]
Gold:   438        SH:  0    Dex: 15    Spells: 11/29 levels left

rFire  + . .     SeeInvis .     a - +0 falchion (holy)
rCold  + . .     Gourm    .     H - +3 leather armour
rNeg   . . .     Faith    +     (no shield)
rPois  +         Spirit   .     (no helmet)
rElec  +         Reflect  .     F - +0 cloak
rCorr  +         Harm     .     x - +0 pair of gloves
MR     +....                    f - +0 pair of boots
Stlth  ++........               w - amulet of faith {!P}
                                t - ring of magical power
                                v - +5 ring of strength

@: icy armour, resistant, repel missiles, slow
A: no striking features
a: Divine Energy, Channel Magic, Forget Spell, Renounce Religion


You were on level 2 of the Lair of Beasts.
You worshipped Sif Muna.
Sif Muna was extremely pleased with you.
You were not hungry.

You visited 3 branches of the dungeon, and saw 11 of its levels.

You collected 438 gold pieces.

Inventory:

Hand Weapons
 a - a +0 falchion of holy wrath (weapon)
   (You took it off an orc on level 3 of the Dungeon)
Missiles
 B - 12 javelins (quivered)
 Y - a throwing net
Armour
 f - a +0 pair of boots (worn)
 x - a +0 pair of gloves (worn)
 F - a +0 cloak (worn)
 H - a +3 leather armour (worn)
Jewellery
 t - a ring of magical power (right hand)
 v - a +5 ring of strength (left hand)
 w - an amulet of faith (around neck) {!P}
 E - an uncursed ring of fire
Wands
 m - a wand of paralysis (6/24)
 D - a wand of polymorph (12/24)
 J - a wand of flame (36/48)
 P - a wand of digging (18/24)
Scrolls
 d - 2 scrolls of remove curse
 i - a scroll of teleportation {!r}
Potions
 e - a potion of might {!q}
 g - 3 potions of curing
 j - a potion of invisibility {!q}
 k - a potion of resistance {!q}
 n - a potion of mutation {unknown}
 p - a potion of brilliance {unknown}
 z - 3 potions of magic {unknown}
 A - 3 potions of haste {!q}
 G - a potion of heal wounds {unknown}
 K - a potion of agility {unknown}
 O - a potion of cancellation {unknown}
Comestibles
 c - 6 bread rations {!e}
 q - 5 fruits
 M - 2 chunks of flesh


   Skills:
 + Level 0.0 Fighting
 - Level 2.4 Dodging
 - Level 2.4 Stealth
 + Level 10.3 Spellcasting
 - Level 6.1 Conjurations
 - Level 8.0 Charms
 - Level 8.0 Summonings
 - Level 6.1 Translocations
 + Level 8.2 Ice Magic


You had 11 spell levels left.
You knew the following spells:

 Your Spells              Type           Power        Failure   Level  Hunger
a - Freeze                Ice            ####         1%          1    None
b - Throw Frost           Conj/Ice       #####.       1%          2    None
c - Summon Ice Beast      Ice/Summ       ######..     2%          4    #......
d - Throw Icicle          Conj/Ice       #####...     4%          4    #......
o - Ozocubu's Armour      Chrm/Ice       ######..     1%          3    None
J - Blink                 Tloc           N/A          1%          2    None
M - Repel Missiles        Chrm/Air       ####..       1%          2    None


Dungeon Overview and Level Annotations

Branches:
Dungeon (8/15)             Temple (1/1) D:5            Lair (2/6) D:8
  Swamp: Lair:2-4    Shoals: Lair:2-4     Snake: Lair:2-4    Spider: Lair:2-4

Altars:
Ashenzari
Cheibriados
Dithmenos
Elyvilon
Fedhas
Gozag
Hepliaklqana
Kikubaaqudgha
Makhleb
Nemelex Xobeh
Okawaru
Qazlal
Ru
Sif Muna
Trog
Uskayaw
Vehumet
Xom
Yredelemnul
Zin
The Shining One

Annotations:
Lair:2 Harold


Message History

You struggle against the net.
The blink frog blinks!
A blink frog comes into view.
You struggle against the net.
The blink frog blinks!
A spiny frog comes into view.
You struggle against the net.
Harold casts a spell at you. The bolt of fire hits you!
Ouch! That really hurt!
* * * LOW HITPOINT WARNING * * *
The blink frog gives a loud, deep croak!
The spiny frog gives a loud, deep croak!
A crocodile comes into view.
Damage: 38 (max 38)
Casting: Throw Frost
Confirm with . or Enter, or press ? or * to list all spells.
You blink.
Harold throws a throwing net.
The throwing net is repelled.
The blink frog blinks!
Found a long sword.
Really read
i - 2 scrolls of teleportation {!r}?
As you read the scroll of teleportation {!r}, it crumbles to dust.
You feel strangely unstable.
The blink frog blinks! x2
Really quaff
k - 2 potions of resistance {!q}?
You feel protected.
Harold points at you and mumbles some strange words.
The bolt of fire hits you! You resist.
* * * LOW HITPOINT WARNING * * *
The blink frog misses you.
You riposte.
You barely miss the blink frog.
The blink frog blinks! x2
Damage: 8 (max 38) Unknown command.
Casting: Blink
Confirm with . or Enter, or press ? or * to list all spells.
You blink.
The blink frog blinks!
Harold throws a throwing net.
The throwing net is repelled.
Unknown command.
Casting: Blink
Confirm with . or Enter, or press ? or * to list all spells.
You blink.
Your surroundings suddenly seem different.
Found a whip, 16 poisoned needles and a tubular agate ring.
A crocodile and a hippogriff come into view.
You found an alarm trap!
Found 3 gold pieces.
Casting: Blink
Confirm with . or Enter, or press ? or * to list all spells.
A chill wind blows around you.
Casting: Summon Ice Beast
Confirm with . or Enter, or press ? or * to list all spells.
A film of ice covers your body! The crocodile bites you!
You die...

#........#
#......##
#.###......P#
#..........#
...........##
#P.#P......#
.........^.#
...........##
..........t@#
..........Y##
.#.........#
#..........
.......$.#
........P
........#
.......


You could see a crocodile and a friendly ice beast.

Vanquished Creatures
  Prince Ribbit (D:8)
  3 yaks
  A basilisk (Lair:1)
  Menkaure (D:7)
  Edmund (D:5)
  A water moccasin (D:8)
  3 phantoms
  An ogre (D:5)
  A crocodile (Lair:1)
  2 bullfrogs
  3 scorpions
  2 killer bees (D:8)
  5 crimson imps
  A centaur zombie (D:8)
  5 orc wizards
  5 orc priests
  2 hounds (D:4)
  2 iguanas (D:5)
  2 worker ants
  A killer bee zombie (D:5)
  A hound zombie (D:6)
  A hound skeleton (D:6)
  13 gnolls
  11 adders
  A shadow imp (D:5)
  3 oozes
  3 adder skeletons
  3 worms
  A dart slug (D:1)
  3 leopard geckos
  24 orcs
  3 ball pythons
  2 giant cockroaches
  9 hobgoblins
  4 jackals (D:1)
  4 quokkas
  10 bats
  6 frilled lizards
  8 goblins
  5 kobolds
  10 rats
168 creatures vanquished.

Vanquished Creatures (collateral kills)
  2 two-headed ogres (D:8)
  2 komodo dragons (Lair:1)
  Grinder (D:6)
  3 hippogriffs
  A wyvern (D:8)
  9 yaks
  A water moccasin (Lair:1)
  2 porcupines (Lair:1)
  An orc warrior (D:7)
  2 phantoms (D:8)
  2 ice beasts
  3 ogres
  2 crocodiles (Lair:1)
  Blork the orc (D:5)
  2 bullfrogs
  A scorpion (D:7)
  2 killer bees (D:8)
  A crimson imp (D:6)
  A jelly (D:8)
  A gnoll shaman (D:7)
  A hound (D:7)
  2 orc wizards (D:7)
  A worker ant (D:8)
  An adder (D:8)
  2 gnolls
  5 orcs (D:8)
  A hobgoblin (D:8)
  A quokka (D:7)
54 creatures vanquished.

Vanquished Creatures (others)
  5 fungi
  A plant (D:8)
6 creatures vanquished.

Grand Total: 228 creatures vanquished

Notes
Turn   | Place    | Note
-------+----------+-------------------------------------------
     0 | D:1      | Gorice the Deep Elf Ice Elementalist began the quest for the Orb.
     0 | D:1      | Reached XP level 1. HP: 10/10 MP: 6/6
   255 | D:1      | Reached XP level 2. HP: 15/15 MP: 6/8
   350 | D:1      | Reached skill level 4 in Ice Magic
   704 | D:1      | Reached XP level 3. HP: 19/19 MP: 8/10
   708 | D:1      | Learned a level 2 spell: Throw Frost
   772 | D:2      | Found a basalt altar of Yredelemnul.
   950 | D:2      | Reached skill level 4 in Spellcasting
  1138 | D:2      | Reached XP level 4. HP: 24/24 MP: 7/12
  1179 | D:2      | Learned a level 2 spell: Blink
  1284 | D:3      | Reached skill level 5 in Ice Magic
  1498 | D:3      | Reached XP level 5. HP: 19/28 MP: 9/14
  1585 | D:3      | Found a white marble altar of Elyvilon.
  1734 | D:3      | Found an iron altar of Okawaru.
  1736 | D:3      | Found a blossoming altar of Fedhas.
  1736 | D:3      | Found a hazy altar of Hepliaklqana.
  1740 | D:3      | Found a sacrificial altar of Ru.
  1741 | D:3      | Found a deep blue altar of Sif Muna.
  1886 | D:3      | Became a worshipper of Sif Muna the Loreminder
  1910 | D:3      | Reached skill level 5 in Spellcasting
  2004 | D:3      | Reached skill level 6 in Ice Magic
  2463 | D:3      | Reached XP level 6. HP: 32/32 MP: 13/16
  2587 | D:3      | Reached * piety under Sif Muna
  2611 | D:3      | Learned a level 3 spell: Ozocubu's Armour
  2613 | D:4      | Noticed Blork the orc
  3739 | D:4      | Learned a level 4 spell: Summon Ice Beast
  3785 | D:4      | Reached skill level 6 in Spellcasting
  3785 | D:4      | Reached skill level 1 in Summonings
  3957 | D:4      | Reached skill level 7 in Ice Magic
  4097 | D:5      | Entered Level 5 of the Dungeon
  4100 | D:5      | Found a staircase to the Ecumenical Temple.
  4108 | Temple   | Entered the Ecumenical Temple
  4454 | D:5      | Reached XP level 7. HP: 36/36 MP: 10/18
  4508 | D:5      | Reached skill level 2 in Summonings
  4581 | D:5      | HP: 10/36 [poisoned by a scorpion]
  4586 | D:5      | HP: 5/36 [poisoned by a scorpion]
  4868 | D:5      | Reached ** piety under Sif Muna
  5026 | D:5      | Noticed Edmund
  5054 | D:5      | Found a shattered altar of Ashenzari.
  5061 | D:5      | HP: 9/36 [Edmund/flail of protection (6)]
  5063 | D:5      | Killed Edmund
  5063 | D:5      | Reached skill level 3 in Summonings
  5252 | D:5      | Killed Blork the orc
  5377 | D:5      | Found a hide-covered altar of Uskayaw.
  5740 | D:6      | Reached skill level 4 in Summonings
  5760 | D:6      | Reached skill level 8 in Ice Magic
  5760 | D:6      | Reached XP level 8. HP: 29/41 MP: 8/20
  5793 | D:6      | Noticed Grinder
  5793 | D:6      | Reached skill level 7 in Spellcasting
  5932 | D:6      | HP: 9/41 [Grinder (9)]
  6028 | D:5      | Learned a level 4 spell: Throw Icicle
  6424 | D:7      | Reached skill level 2 in Conjurations
  6439 | D:7      | Reached *** piety under Sif Muna
  6639 | D:6      | Reached skill level 5 in Summonings
  6652 | D:5      | HP: 7/41 [sky beast (6)]
  6963 | D:6      | Killed Grinder
  6963 | D:6      | Reached skill level 3 in Conjurations
  7363 | D:7      | Noticed Menkaure
  7374 | D:7      | Killed Menkaure
  7374 | D:7      | Reached skill level 4 in Conjurations
  7377 | D:7      | Reached skill level 6 in Summonings
  7544 | D:7      | Reached skill level 8 in Spellcasting
  7546 | D:7      | Reached **** piety under Sif Muna
  7956 | D:7      | Reached XP level 9. HP: 34/45 MP: 13/23
  8105 | D:7      | Learned a level 2 spell: Repel Missiles
  8141 | D:8      | Reached skill level 5 in Conjurations
  8148 | D:8      | Found a radiant altar of Vehumet.
  8207 | D:8      | Noticed a two-headed ogre
  8333 | D:8      | Killed a two-headed ogre
  8333 | D:8      | Reached skill level 6 in Conjurations
  8333 | D:8      | Reached skill level 7 in Summonings
  8367 | D:8      | Reached ***** piety under Sif Muna
  8369 | D:8      | Reached skill level 9 in Spellcasting
  8369 | D:8      | Reached skill level 1 in Charms
  8438 | D:8      | Noticed Prince Ribbit
  8455 | D:8      | Killed Prince Ribbit
  8455 | D:8      | Reached skill level 2 in Charms
  8459 | D:8      | Received a gift from Sif Muna
  8499 | D:8      | Reached skill level 3 in Charms
  8502 | D:8      | Reached skill level 8 in Summonings
  8516 | D:8      | Reached skill level 4 in Charms
  8516 | D:8      | Reached skill level 1 in Translocations
  8531 | D:8      | Reached skill level 2 in Translocations
  8539 | D:8      | HP: 12/45 [killer bee (3)]
  8547 | D:8      | HP: 10/45 [poisoned by a killer bee]
  8585 | D:8      | HP: 12/45 [killer bee (4)]
  8587 | D:8      | Reached skill level 5 in Charms
  8591 | D:8      | HP: 9/45 [worker ant (4)]
  8846 | D:8      | HP: 13/45 [poisoned by a killer bee]
  8852 | D:8      | HP: 8/45 [poisoned by a killer bee]
  8858 | D:8      | HP: 5/45 [poisoned by a killer bee]
  8864 | D:8      | HP: 3/45 [poisoned by a killer bee]
  8871 | D:8      | HP: 2/45 [poisoned by a killer bee]
  8879 | D:8      | HP: 1/45 [poisoned by a killer bee]
  9331 | D:8      | Found a staircase to the Lair.
  9350 | D:8      | Got a sheer robe
  9380 | D:8      | Identified the cursed +0 robe of Hospitality {MR+} (You found it on level 8 of the Dungeon)
  9473 | D:8      | Noticed a two-headed ogre
  9478 | D:8      | Killed a two-headed ogre
  9478 | D:8      | Reached skill level 6 in Charms
  9478 | D:8      | Reached skill level 3 in Translocations
  9478 | D:8      | Reached XP level 10. HP: 50/50 MP: 19/25
  9552 | Lair:1   | Entered Level 1 of the Lair of Beasts
  9694 | Lair:1   | Reached skill level 4 in Translocations
  9714 | Lair:1   | Reached skill level 7 in Charms
  9840 | Lair:1   | Reached skill level 10 in Spellcasting
  9888 | Lair:1   | Reached skill level 8 in Charms
  9963 | Lair:1   | Reached skill level 5 in Translocations
  9964 | Lair:1   | Identified Sif Muna's Handbook of Unholy Magic and Attacks (Sif Muna gifted it to you on level 1 of the Lair of Beasts)
  9964 | Lair:1   | Received a gift from Sif Muna
 10079 | Lair:1   | Reached skill level 6 in Translocations
 10216 | Lair:2   | Noticed Harold
 10220 | Lair:2   | Noticed a spiny frog
 10220 | Lair:2   | HP: 12/50 [Harold/bolt of fire (38)]
 10223 | Lair:2   | HP: 4/50 [Harold/bolt of fire (8)]
 10232 | Lair:2   | Mangled by a crocodile

Vault maps used:
D:1:      onia_arrival_mini_spirals
D:2:      yredelemnul_altar_generic
D:3:      wad_pebble_path, grunt_temple_overflow_open, first_bread,
          serial_bayou_pond_b, elyvilon_altar_5
D:4:      serial_co_window_serial, co_window_corner_a, co_window_paths_a,
          co_window_paths_b, co_window_of_opportunity_a, co_window_paths_b,
          co_window_paths_a, co_window_of_opportunity_a, co_window_2corner,
          co_window_unsneaky_path_e, co_window_cross_3, co_window_corner_ca,
          co_window_4corner_a, glass_columns_b, glass_columns_c,
          glass_columns_c, glass_columns_a, glass_columns_a, minmay_liquid_box,
          uniq_blork_the_orc
D:5:      nicolae_ashenzari_panopticon, kennysheep_mini_moat,
          hangedman_abyss_or_decor_jellyfish_corner, serial_park_tiny_1,
          uniq_edmund
D:6:      uniq_grinder
D:7:      uniq_menkaure
D:8:      vehumet_altar_wand_db, dpeg_oklobed_lair, uniq_prince_ribbit1
Temple:   minmay_temple_bridge_abc
Lair:2:   regret_index_tunnel_blossom, ice2_lemuel, uniq_harold

Skill      XL: |  1  2  3  4  5  6  7  8  9 10 |
---------------+-------------------------------+-----
Ice Magic      | 4 5 6 7 8 |  8.2
Spellcasting   | 4 5 6 8 9 10 | 10.3
Summonings     | 1 4 6 8 |  8.0
Conjurations   | 4 6 |  6.1
Charms         | 6 8 |  8.0
Translocations | 3 6 |  6.1
Dodging        | |  2.4
Stealth        | |  2.4

Action                   |  1- 3 |  4- 6 |  7- 9 | 10-12 || total
-------------------------+-------+-------+-------+-------++-------
Melee: Dagger            |       |    14 |       |       ||    14
       Falchion          |       |       |    72 |     1 ||    73
Throw: Javelin           |       |       |     5 |       ||     5
 Cast: Freeze            |    48 |   112 |   105 |    23 ||   288
       Throw Frost       |     3 |    21 |    61 |    10 ||    95
       Summon Ice Beast  |       |       |    47 |    21 ||    68
       Ozocubu's Armour  |       |       |    10 |     9 ||    19
       Throw Icicle      |       |       |    18 |     2 ||    20
       Blink             |       |       |     3 |     3 ||     6
       Repel Missiles    |       |       |     1 |       ||     1
Evoke: Wand              |       |       |     6 |       ||     6
  Use: Scroll            |     2 |     6 |     9 |     2 ||    19
       Potion            |       |       |     4 |     1 ||     5
 Stab: Paralysed         |       |       |     4 |       ||     4
       Distracted        |       |       |     1 |       ||     1
  Eat: Chunk             |     1 |     9 |    14 |     1 ||    25
       Pizza             |       |       |     1 |       ||     1
       Royal jelly       |       |       |     1 |       ||     1
       Meat ration       |       |       |     1 |       ||     1
Armor: Robe              |     2 |    16 |    50 |       ||    68
       Leather armour    |       |       |       |     8 ||     8
Dodge: Dodged            |    23 |    47 |   114 |     8 ||   192
       Deflected         |       |       |       |     2 ||     2
       Rpst.: Falchion   |       |       |    39 |     3 ||    42

Table legend:
 A = Turns spent in this place as a percentage of turns spent in the entire game.
 B = Non-inter-level travel turns spent in this place as a percentage of non-inter-level travel turns spent in the entire game.
 C = Inter-level travel turns spent in this place as a percentage of turns spent in this place.
 D = Turns resting spent in this place as a percentage of non-inter-level travel turns spent in this place.
 E = Turns spent auto-exploring this place as a percentage of non-inter-level travel turns spent in this place.
 F = Non-inter-level travel turns spent in this place divided by the number of levels of this place that you've seen.
                   A       B       C       D       E      F
               +-------+-------+-------+-------+-------+----------------------
         Total | 100.0 | 100.0 |   0.6 |   3.7 |   6.3 | 295.1
       Dungeon |  90.2 |  90.2 |   0.5 |   4.1 |   6.1 | 366.0
        Temple |   0.4 |   0.4 |   7.7 |   0.0 |  75.0 |  12.0
          Lair |   9.4 |   9.4 |   0.6 |   0.0 |   5.6 | 153.0
               +-------+-------+-------+-------+-------+----------------------

Vault maps used:
D:1:      onia_arrival_mini_spirals
D:2:      yredelemnul_altar_generic
D:3:      wad_pebble_path, grunt_temple_overflow_open, first_bread,
          serial_bayou_pond_b, elyvilon_altar_5
D:4:      serial_co_window_serial, co_window_corner_a, co_window_paths_a,
          co_window_paths_b, co_window_of_opportunity_a, co_window_paths_b,
          co_window_paths_a, co_window_of_opportunity_a, co_window_2corner,
          co_window_unsneaky_path_e, co_window_cross_3, co_window_corner_ca,
          co_window_4corner_a, glass_columns_b, glass_columns_c,
          glass_columns_c, glass_columns_a, glass_columns_a, minmay_liquid_box,
          uniq_blork_the_orc
D:5:      nicolae_ashenzari_panopticon, kennysheep_mini_moat,
          hangedman_abyss_or_decor_jellyfish_corner, serial_park_tiny_1,
          uniq_edmund
D:6:      uniq_grinder
D:7:      uniq_menkaure
D:8:      vehumet_altar_wand_db, dpeg_oklobed_lair, uniq_prince_ribbit1
Temple:   minmay_temple_bridge_abc
Lair:2:   regret_index_tunnel_blossom, ice2_lemuel, uniq_harold
